 Dungeon Crawl Stone Soup version 0.18-a0-1014-g3bbf375 (webtiles) character file.

46 JokEr the Magician (level 3, 6/24 HPs)
             Began as a Demonspawn Wizard on Jan 6, 2016.
             Quit the game on level 2 of the Dungeon.
             The game lasted 00:09:00 (2471 turns).

JokEr the Magician (Demonspawn Wizard)              Turns: 2471, Time: 00:09:01

Health: 6/24       AC:  2    Str:  7      XL:     3   Next: 46%
Magic:  1/8        EV: 12    Int: 16 (20) God:
Gold:   51         SH:  0    Dex: 11      Spells: 2 memorised, 5 levels left

rFire  . . .     SeeInvis .     (no weapon)
rCold  . . .     Gourm    .     a - +0 robe
rNeg   . . .     Faith    .     (no shield)
rPois  .         Spirit   .     b - +0 hat
rElec  .         Dismiss  .     (no cloak)
rCorr  .         Reflect  .     (no gloves)
SustAt .         Harm     .     (no boots)
MR     .....                    (no amulet)
Stlth  ++........               (no ring)
                                (no ring)

@: quite poisoned (6 -> 3), very slightly contaminated, not resistant to hostile
enchantments, unstealthy
A: horns 1
a: no special abilities


You were on level 2 of the Dungeon.
You were not hungry.

You visited 1 branch of the dungeon, and saw 2 of its levels.

You collected 51 gold pieces.

Inventory:

Armour
 a - a +0 robe (worn)
 b - a +0 hat (worn)
Jewellery
 e - a +3 ring of strength {unknown}
 i - a +3 ring of dexterity {unknown}
 j - an uncursed ring of flight {unknown}
 k - an uncursed ring of magical power {unknown}
Potions
 h - 3 potions of degeneration
Books
 c - a book of Minor Magic

   Spells                             Type                      Level
   a - Magic Dart                     Conjuration                  1
   b - Blink                          Translocation                2
   c - Call Imp                       Summoning                    2
   d - Repel Missiles                 Charms/Air                   2
   e - Slow                           Hexes                        2
   f - Conjure Flame                  Conjuration/Fire             3
   g - Mephitic Cloud                 Conjuration/Poison/Air       3
Comestibles
 d - a bread ration
 f - 2 chunks of flesh


   Skills:
 - Level 1.7 Dodging
 - Level 1.7 Stealth
 + Level 3.6 Spellcasting
 + Level 2.4 Conjurations
   Level 1.0 Summonings
   Level 0.8 Translocations
 + Level 0.3 Fire Magic


You had 5 spell levels left.
You knew the following spells:

 Your Spells              Type           Power        Failure   Level  Hunger
a - Magic Dart            Conj           ##..         10%         1    None
b - Conjure Flame         Conj/Fire      #.......     34%         3    ###....


Dungeon Overview and Level Annotations

Branches:
Dungeon (2/15)

Altars:


Innate Abilities, Weirdness & Mutations

You have a pair of small horns on your head.


Message History

The adder closely misses you.
Casting: Magic Dart
Confirm with . or Enter, or press ? or * to list all spells.
You don't have enough magic to cast that spell.
Unknown command.
Casting: Magic Dart
Confirm with . or Enter, or press ? or * to list all spells.
You don't have enough magic to cast that spell.
Unknown command.
You feel sick. The adder bites you. The adder misses you.
A kobold comes into view.
You feel sick. The adder bites you.
The kobold shouts!
The kobold hits you. The giant gecko bites you.
You feel sick. The adder bites you.
* * * LOW HITPOINT WARNING * * *
The kobold throws a stone.
The stone barely misses you.
Are you sure you want to abandon this character and quit the game? (Confirm with "yes".)

....... .#....>.#....###
........................#.#..
.?...............#.#.## #.#..
................(..#.# #.#..
..........####.....#.####.#..
.............................
.......#####.......#.......
.......######...........#..
.......KS@)...(...........
#.....l.....#...######<.
#.......##..##..## #..
###......###.>##...## ##.
..######........# #..###...#
# #.....$.........# #..#
#.#<# #.....#.##......# #..#
#.#.# #.......##......# #..#
#...# ......########.....
[...#


You could see an adder, a giant gecko and a kobold.

Vanquished Creatures
  2 adders
  A giant gecko (D:1)
  4 bats (D:1)
  A giant cockroach (D:1)
  4 goblins
  7 jackals
  A quokka (D:2)
  A giant newt (D:2)
  3 kobolds
  A rat (D:2)
25 creatures vanquished.

Notes
Turn   | Place    | Note
--------------------------------------------------------------
     0 | D:1      | JokEr the Demonspawn Wizard began the quest for the Orb.
     0 | D:1      | Reached XP level 1. HP: 13/13 MP: 4/4
   410 | D:1      | Gained mutation: You have a pair of small horns on your head. [demonic ancestry]
   410 | D:1      | Reached XP level 2. HP: 11/19 MP: 1/6
  1565 | D:2      | Reached XP level 3. HP: 24/24 MP: 0/8
  1570 | D:2      | Learned a level 3 spell: Conjure Flame
  2471 | D:2      | Quit the game

Vault maps used:
D:1:      dpeg_arrival_brainrot

Action                   || total
-------------------------++-------
Melee: Unarmed           ||    54
 Cast: Magic Dart        ||    99
       Conjure Flame     ||     1
  Use: Scroll            ||     3
       Potion            ||     2
  Eat: Bread ration      ||     1
       Chunk             ||     1
